AoeStats
← Abetterhandle

Nomad

507448041Analyzed
3v3 RM · 15d ago on Sep 18, 2026· 33m 43s· 6 players
Game mode
Random Map
Map size
210×210
Population
200
Speed
Normal
Resources
Standard
Victory
Conquest
Starting age
Dark Age
Ending age
Imperial Age
RankedLock teamsTeams togetherTeam positionsShared explorationLock speedFull tech treeHidden civsTurbo modeCheats
Victory
Defeat
🇳🇿 Dravidians · New Zealand
1076
+11
🇨🇿 Hindustanis · Czechia
820
+21
🇹🇼 Persians · Taiwan
786
+24
🇳🇿 Koreans · New Zealand
986
-20
🇮🇹 Vikings · Italy
943
-18
🇵🇭 Khitans · Philippines
926
-18
Itas
17:17 Feudal Age
21:29 Castle Age
19:30 Fletching
19:48 Double-Bit Axe
19:58 Gold Mining
19:51 Fishing Lines
31:19 Loom
31:51 Squires
Abetterhandle
5:21 Loom
5:49 Loom
15:20 Feudal Age
16:18 Double-Bit Axe
20:46 Castle Age
22:45 Bow Saw
34:51 Imperial Age
32:12 Crossbowman
33:20 Fletching
Nagazuki
15:16 Feudal Age
15:42 Double-Bit Axe
15:41 Fishing Lines
17:04 Gold Mining
17:07 Stone Mining
23:55 Castle Age
23:00 Fletching
23:25 Forging
23:17 Scale Mail Armor
30:16 Castle Age
chichimp
5:12 Loom
13:18 Feudal Age
17:59 Castle Age
15:57 Man-at-Arms
17:33 Scale Mail Armor
18:19 Long Swordsman
19:15 Gambesons
22:25 Chain Mail Armor
23:53 Forging
30:18 Iron Casting
29:31 Arson
OOLONG
14:07 Feudal Age
16:30 Double-Bit Axe
18:38 Fishing Lines
22:20 Castle Age
21:48 Stone Mining
22:39 Gillnets
23:30 Bow Saw
24:01 Gold Mining
25:20 Demolition Ship
26:10 Medium Warships
27:53 Husbandry
27:37 Horse Collar
29:39 Gold Shaft Mining
33:15 Imperial Age
Jundorff
5:03 Loom
15:13 Feudal Age
16:42 Wheelbarrow
20:21 Castle Age
18:45 Double-Bit Axe
19:34 Fishing Lines
19:51 Stone Mining
21:18 Town Watch
21:42 Gillnets
25:08 Bow Saw
27:44 Fletching
28:53 Bodkin Arrow
29:53 Ballistics
31:08 Hand Cart
31:20 Masonry
33:44 Padded Archer Armor
Connection lost

Rejoining the realm…

Still unreachable

The connection could not be restored.

Session expired

The server has moved on; the page needs a fresh start.